 Dungeon Crawl Stone Soup version 0.28.0 (webtiles) character file.

Game seed: 1107519426381120386

4 dipablo the Shield-Bearer (level 1, -1/12 (23) HPs)
             Began as a Gnoll Fighter on Feb 7, 2022.
             Slain by a goblin (3 damage)
             ... on level 1 of the Dungeon.
             The game lasted 00:01:47 (321 turns).

dipablo the Shield-Bearer (Gnoll Fighter)            Turns: 321, Time: 00:01:48

HP:   -1/12 (23)    AC:  7    Str: 15    XL:     1   Next: 70%
MP:   1/1           EV:  9    Int:  7    God:
Gold: 5             SH:  5    Dex: 11    Spells: 0/0 levels left

rFire   . . .      SeeInvis .   a - +0 war axe
rCold   . . .      Faith    .   c - +0 buckler
rNeg    . . .      Spirit   .   b - +0 scale mail
rPois   .          Reflect  .   (no helmet)
rElec   .          Harm     .   (no cloak)
rCorr   .          Rampage  .   (no gloves)
Will    .....                   (no boots)
Stlth   ..........              (no amulet)
HPRegen 0.04/turn               (no ring)
MPRegen 0.07/turn               (no ring)

@: very heavily drained
A: fangs 1, strong nose, distributed training
a: no special abilities


You were on level 1 of the Dungeon.
You visited 1 branch of the dungeon, and saw 1 of its levels.

You collected 5 gold pieces.

Inventory:

Hand Weapons
 a - a +0 war axe (weapon)
Armour
 b - a +0 scale mail (worn)
 c - a +0 buckler (worn)
Jewellery
 e - a ring of flight
   (You found it on level 1 of the Dungeon)
 g - a ring of wizardry
   (You found it on level 1 of the Dungeon)
Potions
 d - a potion of might
 f - a potion of magic {unknown}


   Skills:
 + Level 6.4 Fighting
 + Level 0.1 Short Blades
 + Level 0.1 Long Blades
 + Level 4.4 Axes
 + Level 0.1 Maces & Flails
 + Level 0.1 Polearms
 + Level 0.1 Staves
 + Level 0.1 Slings
 + Level 0.1 Bows
 + Level 0.1 Crossbows
 + Level 0.1 Throwing
 + Level 6.4 Armour
 + Level 0.1 Dodging
 + Level 0.1 Stealth
 + Level 6.4 Shields
 + Level 0.1 Unarmed Combat
 + Level 0.1 Spellcasting
 + Level 0.1 Conjurations
 + Level 0.1 Hexes
 + Level 0.1 Summonings
 + Level 0.1 Necromancy
 + Level 0.1 Translocations
 + Level 0.1 Transmutations
 + Level 0.1 Fire Magic
 + Level 0.1 Ice Magic
 + Level 0.1 Air Magic
 + Level 0.1 Earth Magic
 + Level 0.1 Poison Magic
 + Level 0.2 Invocations
 + Level 0.1 Evocations


You couldn't memorise any spells.
You didn't know any spells.
Your spell library was empty.

Dungeon Overview and Level Annotations

Branches:
Dungeon (1/15)

Altars:


Innate Abilities, Weirdness & Mutations

You have very sharp teeth.
Your uncanny sense of smell can sniff out nearby items.
Your experience applies equally to all skills.


Message History

The bat hits you but does no damage. x2
You closely miss the bat. You block the bat's attack.
You block the bat's attack. x2
You hit the bat but do no damage. The bat hits you but does no damage.
You miss the bat. The bat hits you but does no damage. x2
You hit the bat. The bat hits you but does no damage.
The bat barely misses you. You block the bat's attack.
The bat hits you but does no damage.
You closely miss the bat. You block the bat's attack.
The bat barely misses you. The bat hits you. The bat barely misses you.
You hit the bat.
You kill the bat!
No target in view!
No target in view!
No target in view!
No target in view!
No target in view!
No target in view!
No target in view!
No target in view!
No target in view!
No target in view!
No target in view!
No target in view!
No target in view!
No target in view!
No target in view!
No target in view!
f - a murky dark potion An endoplasm comes into view.
The endoplasm quivers.
An endoplasm is nearby!
A rat comes into view.
The endoplasm hits you but does no damage.
You slash the endoplasm!
You kill the endoplasm!
The rat bites you but does no damage.
You hit the rat.
You kill the rat!
No target in view!
No target in view!
No target in view!
No target in view!
No target in view!
No target in view!
No target in view!
No target in view!
No target in view!
No target in view!
No target in view!
g - a ring of wizardry
Found a stone staircase leading down.
There is a stone staircase leading down here.
Key pressed, stopping explore.
You now have 5 gold pieces.
A goblin comes into view. It is wielding a +1 dagger of draining.
The goblin shouts!
The goblin hits you with a +1 dagger of draining.
You feel drained. The goblin closely misses you.
A quokka comes into view.
You block the goblin's attack.
The goblin hits you with a +1 dagger of draining.
You feel drained. You block the quokka's attack. The goblin barely misses you.
The quokka bites you but does no damage.
The goblin hits you but does no damage.
You feel drained.
The quokka bites you but does no damage.
The goblin hits you with a +1 dagger of draining.
You feel drained. The quokka bites you. You block the goblin's attack.
The quokka twitches its whiskers.
The quokka barely misses you.
The goblin hits you with a +1 dagger of draining.
You feel drained. You block the quokka's attack. You block the quokka's attack.
The goblin hits you with a +1 dagger of draining.
You feel drained.
The quokka bites you but does no damage.
The goblin barely misses you. The quokka closely misses you.
The goblin hits you but does no damage.
You feel drained.
The quokka bites you but does no damage.
The goblin hits you with a +1 dagger of draining.
You feel drained. The quokka misses you.
The goblin hits you but does no damage.
You feel drained. The quokka barely misses you. The quokka bites you.
* * * LOW HITPOINT WARNING * * *
The goblin barely misses you. The quokka barely misses you.
The goblin hits you but does no damage.
You feel drained.
The quokka bites you but does no damage.
The goblin hits you but does no damage.
You feel drained. You block the quokka's attack. You block the goblin's attack.
The quokka bites you.
* * * LOW HITPOINT WARNING * * *
The goblin hits you with a +1 dagger of draining.
You die...

..# #.## # #.#
#..####.# ...
#.......##### #.#
#...†.......# #.#
#.#########.# #.# #.#
#.# #.# #.#
#.###.###.#### ..#
#.....@g...... #.#
#.###..r..#### #.#
###.....##..#
#.#######...##### ..#
#.#.....#.#.######....∆
#.#.....#.#........###.
#.......#.#.####### #
###.....#.#.#
#...†.#.#.#


You could see a quokka and a goblin.

Vanquished Creatures
  2 bats (D:1)
  An endoplasm (D:1)
  A rat (D:1)
4 creatures vanquished.

Notes
Turn   | Place    | Note
-------+----------+-------------------------------------------
     0 | D:1      | dipablo the Gnoll Fighter began the quest for the Orb.
     0 | D:1      | Reached XP level 1. HP: 23/23 MP: 1/1
   320 | D:1      | HP: 2/12 [quokka (2)]
   321 | D:1      | Slain by a goblin

Illustrated notes

Levels and vault maps discovered:
D:1:      lemuel_arrival_hallway, layout_loops_ring

Action                   || total
-------------------------++-------
Melee: War axe           ||    16
Armor: Scale mail        ||    26
Dodge: Dodged            ||    18
Block: Buckler           ||    15

Table legend: (Time is in decaauts)
 A = Elapsed time spent in this place.
 B = Non-inter-level travel time spent in this place.
 C = Inter-level travel time spent in this place.
 D = Time resting spent in this place.
 E = Time spent auto-exploring this place.
 F = Levels seen in this place.
 G = Mean time per level.
                   A        B        C        D        E       F      G
               +--------+--------+--------+--------+--------+-----+--------+
         Total |    325 |    319 |      6 |      0 |    255 |   1 |  325.0 |
       Dungeon |    325 |    319 |      6 |      0 |    255 |   1 |  325.0 |
               +--------+--------+--------+--------+--------+-----+--------+

Top non-repeatable levels by time:
     D:1: 325 daAuts

Table legend:
 A = Kills in this place as a percentage of kills in entire the game.
 B = Kills by you in this place as a percentage of kills by you in the entire game.
 C = Kills by friends in this place as a percentage of kills by friends in the entire game.
 D = Other kills in this place as a percentage of other kills in the entire game.
 E = Experience gained in this place as a percentage of experience gained in the entire game.
 F = Experience gained in this place divided by the number of levels of this place that you have seen.
                   A       B       C       D       E      F
               +-------+-------+-------+-------+-------+----------------------
         Total | 100.0 | 100.0 |   N/A |   N/A | 100.0 |   7.0
       Dungeon | 100.0 | 100.0 |   N/A |   N/A | 100.0 |   7.0
               +-------+-------+-------+-------+-------+----------------------
